 Dungeon Crawl Stone Soup version 0.30-a0-451-ge042605de7 (webtiles) character file.

Game seed: 12520414379495375643

65 kurumiz the Poker (level 4, -1/45 HPs)
             Began as an Ogre Gladiator on Dec 12, 2022.
             Slain by an adder (2 damage)
             ... on level 3 of the Dungeon.
             The game lasted 00:10:37 (1877 turns).

kurumiz the Poker (Ogre Gladiator)                  Turns: 1877, Time: 00:10:38

Health: -1/45      AC:  3    Str: 20    XL:     4   Next: 14%
Magic:  4/4        EV: 10    Int:  9    God:
Gold:   96         SH:  0    Dex: 10    Spells: 3/3 levels left

rFire   . . .      SeeInvis .    a - +0 trident
rCold   . . .      Faith    .    (no shield)
rNeg    . . .      Spirit   .    b - +0 robe
rPois   .          Reflect  .    c - +0 hat
rElec   .          Harm     .    (no cloak)
rCorr   .          Rampage  .    (gloves unavailable)
Will    .....                    (boots unavailable)
Stlth   +.........               (no amulet)
HPRegen 0.27/turn                (no ring)
MPRegen 0.09/turn                (no ring)

@: lethally poisoned (-1 -> -1)
A: large, unfitting armour, tough skin 1
a: no special abilities


You were on level 3 of the Dungeon.
You visited 1 branch of the dungeon, and saw 3 of its levels.

You collected 96 gold pieces.

Inventory:

Hand Weapons
 a - a +0 trident (weapon)
 g - a +0 short sword
 j - a +0 dagger
 k - a +0 sling
 m - a +0 whip
 r - a +0 whip
 u - a +0 whip
 w - a +0 spear
Missiles
 d - 3 throwing nets (quivered)
 e - a large rock
 h - 16 stones
 x - 2 boomerangs
Armour
 b - a +0 robe (worn)
 c - a +0 hat (worn)
 q - a +0 ring mail
 t - a +0 robe
Scrolls
 f - 5 scrolls of identify {unknown}
 n - 2 scrolls of teleportation {unknown}
Potions
 i - a potion of brilliance {unknown}
 l - a potion of curing {unknown}
 o - a potion of berserk rage {unknown}
 p - 2 potions of flight {unknown}
 s - a potion of might {unknown}
 v - a potion of lignification {unknown}


   Skills:
 + Level 3.2 Fighting
 + Level 3.9 Polearms
 + Level 2.1 Throwing
 + Level 3.3 Dodging
 + Level 0.2 Stealth


You had 3 spell levels left.
You didn't know any spells.
Your spell library was empty.

Dungeon Overview and Level Annotations

Branches:
Dungeon (3/15)

Altars:


Innate Abilities, Weirdness & Mutations

You are too large for most types of armour.
You have tough skin. (AC +1)


Message History

You miss the adder.
You feel very sick. The adder barely misses you.
The ball python closely misses you. x2
The adder closely misses you.
You feel sick.
You miss the adder.
You feel sick. The adder barely misses you. The adder closely misses you.
You barely miss the adder.
You feel sick. The adder bites you.
You miss the adder.
You feel sick. The adder bites you.
You closely miss the adder.
You feel sick. The adder barely misses you. The adder closely misses you.
You barely miss the adder.
You feel sick. The adder misses you.
You closely miss the adder.
You feel sick.
You are no longer poisoned.
The adder bites you. x2
* * * LOW HITPOINT WARNING * * *
You are poisoned.
The adder poisons you!
You closely miss the adder.
You feel sick. The adder closely misses you.
You miss the adder.
You feel sick. The adder bites you.
* * * LOW HITPOINT WARNING * * *
You hit the adder but do no damage.
You feel sick.
You are no longer poisoned.
The adder misses you. The adder bites you.
* * * LOW HITPOINT WARNING * * *
You barely miss the adder. The adder bites you.
* * * LOW HITPOINT WARNING * * *
You are poisoned.
The adder poisons you!
You closely miss the adder.
* * * LOW HITPOINT WARNING * * *
You feel sick. The adder bites you but does no damage.
The adder barely misses you.
You barely miss the adder.
* * * LOW HITPOINT WARNING * * *
You feel sick. The adder bites you but does no damage.
You miss the adder.
* * * LOW HITPOINT WARNING * * *
You feel sick. The adder barely misses you. The adder bites you.
You die...

#..
#############
..
............#
# ..
........>...#
#)#.
............#
#P#.
......).....#
#P.##
............#
#$S#
#######.###.#
#S#
########.#
#.# #@#
#........#
#.# #.#
#.########
#.# #.###.#
#.# #.#†..#
#.# #...###
#.# #..## #.#
#..# ######.#
.....
#......#
.......
#.######


You could see an adder and a ball python.

Vanquished Creatures
  An adder (D:2)
  2 worms (D:2)
  2 dart slugs (D:2)
  5 ball pythons
  2 bats
  3 endoplasms
  2 giant cockroaches (D:2)
  4 goblins
  7 hobgoblins
  7 kobolds
  A quokka (D:2)
  2 frilled lizards
  6 rats
44 creatures vanquished.

Notes
Turn   | Place    | Note
-------+----------+-------------------------------------------
     0 | D:1      | kurumiz the Ogre Gladiator began the quest for the Orb.
     0 | D:1      | Reached XP level 1. HP: 22/22 MP: 1/1
   286 | D:1      | You fall into a shaft and drop 1 floor!
   310 | D:2      | Reached XP level 2. HP: 12/29 MP: 2/2
   696 | D:2      | Reached XP level 3. HP: 37/37 MP: 3/3
  1468 | D:1      | Reached XP level 4. HP: 45/45 MP: 4/4
  1876 | D:3      | HP: 2/45 [poisoned by an adder]
  1877 | D:3      | Slain by an adder

Illustrated notes

Levels and vault maps discovered:
D:1:      dpeg_arrival_water_fire, layout_loops_ring, hex_large
D:2:      layout_basic
D:3:      layout_basic, nicolae_dithmenos_the_darkroom,
          minmay_shallow_snake_nest, uniq_sigmund

Skill      XL: |  1  2 |
---------------+-------+-----
Dodging        | 3 |  3.3
Fighting       | 3 |  3.2
Polearms       | |  3.9
Throwing       | |  2.1
Stealth        | |  0.2

Action                   |  1- 3 |  4- 6 || total
-------------------------+-------+-------++-------
Melee: Trident           |   136 |    29 ||   165
       Punch             |     1 |       ||     1
Armor: Robe              |    27 |     7 ||    34
Dodge: Dodged            |    71 |    17 ||    88

Table legend: (Time is in decaauts)
 A = Elapsed time spent in this place.
 B = Non-inter-level travel time spent in this place.
 C = Inter-level travel time spent in this place.
 D = Time resting spent in this place.
 E = Time spent auto-exploring this place.
 F = Levels seen in this place.
 G = Mean time per level.
                   A        B        C        D        E       F      G
               +--------+--------+--------+--------+--------+-----+--------+
         Total |   1897 |    597 |   1300 |      0 |      0 |   3 |  632.3 |
       Dungeon |   1897 |    597 |   1300 |      0 |      0 |   3 |  632.3 |
               +--------+--------+--------+--------+--------+-----+--------+

Top non-repeatable levels by time:
     D:2: 1017 daAuts
     D:1: 766 daAuts
     D:3: 114 daAuts
